 Dungeon Crawl Stone Soup version 0.31-a0-692-gf03d1854d5 (webtiles) character file.

Game seed: 281561860215878275

807 qw the Skirmisher (level 7, -11/43 HPs)
             Began as a Gargoyle Hunter on Sept 6, 2023.
             Mangled by Edmund
             ... wielding a +3 flail of protection
              (14 damage)
             ... on level 2 of the Dungeon.
             The game lasted 00:01:05 (2271 turns).

qw the Skirmisher (Gargoyle Hunter)                 Turns: 2271, Time: 00:01:05

Health: -11/43     AC: 10    Str: 15    XL:     7   Next: 92%
Magic:  7/7        EV: 11    Int:  9    God:
Gold:   138        SH:  0    Dex: 15    Spells: 6/6 levels left

rFire   . . .        Y - +0 longbow
rCold   . . .        (shield currently unavailable)
rNeg    + . .        h - +0 ring mail
rPois   inf          (no helmet)
rElec   +            (no cloak)
rCorr   +            (no gloves)
SInv    .            (no boots)
Will    .....        (no amulet)
Stlth   +            d - ring of resist corrosion
HPRegen 0.27/turn    (no ring)
MPRegen 0.10/turn

%: no passive effects
@: no status effects
A: sickness immunity, AC +4, negative energy resistance 1, electricity
resistance, torment resistance 1, petrification resistance
a: no special abilities


You were on level 2 of the Dungeon.
You visited 1 branch of the dungeon, and saw 4 of its levels.

You collected 138 gold pieces.


Innate Abilities, Weirdness & Mutations

You are immune to sickness and miasma.
Your stone body is resilient. (AC +4)
You are immune to poison.
You resist negative energy. (rN+)
You are resistant to electric shocks. (rElec)
You are resistant to unholy torment.
You are immune to petrification.


   Skills:
 + Level 4.2 Fighting
 - Level 8.8 Ranged Weapons
 - Level 1.2 Armour
 - Level 1.5 Dodging
 - Level 1.1 Stealth


You had 6 spell levels left.
You didn't know any spells.
Your spell library was empty.

Inventory:

Hand Weapons
 Y - a +0 longbow (weapon)
Armour
 h - a +0 ring mail (worn)
Jewellery
 a - a ring of wizardry
 d - a ring of resist corrosion (left hand)
Potions
 b - a potion of haste {unknown}
 c - a potion of resistance {unknown}
 e - a potion of attraction {unknown}
 f - a potion of heal wounds {unknown}
 j - a potion of curing {unknown}

Dungeon Overview and Level Annotations

Branches:
Dungeon (4/15)
 Temple: D:4-7

Altars:
Fedhas
Kikubaaqudgha
Sif Muna

Shops:
D:1 :

Annotations:
D:2 Edmund


Message History

Enter note:
Enter note:
Enter note:
Enter note:
Enter note:
Enter note:
Enter note:
Enter note:
Enter note:
Enter note:
Enter note:
Enter note:
Enter note:
Enter note:
Enter note:
Enter note:
Enter note:
Enter note:
Enter note:
Enter note:
Enter note:
Enter note:
Enter note:
Enter note:
Enter note:
Enter note:
Enter note:
Enter note:
2269 ||| FLEEEEING.
Edmund hits you but does no damage.
2270 ||| FLEEEEING.
You condense into your normal self.
Your +0 longbow unmelds from your body.
Your +0 ring mail unmelds from your body.
Your ring of resist corrosion unmelds from your body.
You shoot an arrow. The arrow hits Edmund!!
Edmund is heavily wounded.
Edmund hits you with a +3 flail of protection!
You die...
Edmund says, "That'll show my brother!"

######## #......#
#......# #......#
#......# #......#
#......# #......#
######## #...@@.#
#.....?. #......######
#.......
#..>...'....###.......
#......##.............
#......##.............
#......##.............
###.#####.............
#.# #.)........... #.#
#....).......:


You could see Edmund.

Vanquished Creatures
  Pikel (D:4)
  Sigmund (D:2)
  A lemure (D:4)
  A phantom (D:2)
  A hound (D:4)
  3 adders
  2 worms
  4 dart slugs
  2 orcs
  7 bats
  5 endoplasms
  10 goblins
  5 hobgoblins
  3 jackals (D:1)
  8 ball pythons
  2 frilled lizards
  5 kobolds
  8 rats
69 creatures vanquished.

Notes
Turn   | Place    | Note
-------+----------+-------------------------------------------
     0 | D:1      | qw the Gargoyle Hunter began the quest for the Orb.
     0 | D:1      | Reached XP level 1. HP: 12/12 MP: 1/1
     0 | D:1      | 0 ||| qw: Version: 0.3-a-76-g4403597
     0 | D:1      | 0 ||| qw: Game counter: 59
     0 | D:1      | 0 ||| qw: Melee chars always use a shield: true
     0 | D:1      | 0 ||| qw: God list: Okawaru
     0 | D:1      | 0 ||| qw: Allow faded altars: false
     0 | D:1      | 0 ||| qw: Do Orc after clearing Dungeon:15 true
     0 | D:1      | 0 ||| qw: Do second Lair branch before Depths: true
     0 | D:1      | 0 ||| qw: Lair rune preference: random
     0 | D:1      | 0 ||| qw: Goals: Normal
     0 | D:1      | 0 ||| PLANNING D:1-11
   138 | D:1      | Reached XP level 2. HP: 17/17 MP: 2/2
   295 | D:1      | Found Xisam's Book Shop.
   449 | D:1      | Reached XP level 3. HP: 20/21 MP: 3/3
   477 | D:1      | Reached skill level 5 in Ranged Weapons
   488 | D:1      | 488 ||| DROPPING +6 ring of intelligence.
   489 | D:1      | 489 ||| READING scroll labelled JAFECH HIOQOO.
   490 | D:1      | 490 ||| READING scroll labelled UFRAYSHRI PANI.
   491 | D:1      | 491 ||| READING scroll labelled AJIOTA RASIWK.
   492 | D:1      | 492 ||| DROPPING scroll of butterflies.
   659 | D:2      | Noticed a phantom
   676 | D:2      | Killed a phantom
   677 | D:2      | Reached XP level 4. HP: 13/29 MP: 4/4
   875 | D:2      | 875 ||| FLEEEEING.
   921 | D:2      | Noticed Sigmund
   936 | D:2      | Killed Sigmund
   937 | D:2      | Reached skill level 6 in Ranged Weapons
   937 | D:2      | Reached XP level 5. HP: 21/33 MP: 5/5
   937 | D:2      | Reached XP level 6. HP: 24/38 MP: 6/6
  1158 | D:2      | 1158 ||| UPGRADING to +0 ring mail.
  1168 | D:2      | 1168 ||| DROPPING +0 leather armour.
  1169 | D:2      | 1169 ||| READING scroll labelled TAIBBAISHI.
  1173 | D:2      | 1173 ||| READING scroll labelled LUUB APANOBOSO.
  1174 | D:2      | 1174 ||| READING 2 scrolls labelled GUFOIL XAKO.
  1175 | D:2      | 1175 ||| DROPPING scroll of noise.
  1290 | D:3      | Reached skill level 1 in Armour
  1310 | D:3      | Found an ancient bone altar of Kikubaaqudgha.
  1311 | D:3      | 1311 ||| SWAPPING to +0 longbow.
  1312 | D:3      | 1312 ||| DROPPING +0 shortbow.
  1315 | D:3      | Found a blossoming altar of Fedhas.
  1623 | D:3      | Found a shimmering blue altar of Sif Muna.
  1686 | D:3      | 1686 ||| UPGRADING to ring of resist corrosion.
  1687 | D:3      | 1687 ||| READING 2 scrolls labelled QUKKOV LEAVEG.
  1688 | D:3      | 1688 ||| READING 2 scrolls labelled SAYSMU RATUQ.
  1718 | D:3      | 1718 ||| DROPPING scroll of torment.
  1719 | D:3      | 1719 ||| DROPPING scroll of fog.
  2000 | D:4      | Noticed Pikel
  2014 | D:4      | HP: 9/38 [Pikel/+0 whip of flaming (1)]
  2015 | D:4      | 2015 ||| READING scroll of teleportation.
  2016 | D:4      | Killed Pikel
  2017 | D:4      | Reached skill level 8 in Ranged Weapons
  2017 | D:4      | Reached XP level 7. HP: 11/43 MP: 7/7
  2219 | D:4      | Noticed Edmund
  2226 | D:4      | 2226 ||| FLEEEEING.
  2227 | D:4      | 2227 ||| FLEEEEING.
  2228 | D:4      | 2228 ||| FLEEEEING.
  2229 | D:4      | 2229 ||| FLEEEEING.
  2230 | D:4      | 2230 ||| FLEEEEING.
  2231 | D:4      | 2231 ||| FLEEEEING.
  2232 | D:4      | 2232 ||| FLEEEEING.
  2233 | D:4      | 2233 ||| FLEEEEING.
  2234 | D:4      | 2234 ||| FLEEEEING.
  2235 | D:4      | 2235 ||| FLEEEEING.
  2236 | D:4      | 2236 ||| FLEEEEING.
  2237 | D:4      | 2237 ||| FLEEEEING.
  2238 | D:4      | 2238 ||| FLEEEEING.
  2239 | D:4      | 2239 ||| FLEEEEING.
  2240 | D:4      | 2240 ||| STAIRDANCE
  2242 | D:3      | 2242 ||| FLEEEEING.
  2243 | D:3      | 2243 ||| FLEEEEING.
  2246 | D:3      | 2246 ||| FLEEEEING.
  2247 | D:3      | 2247 ||| FLEEEEING.
  2248 | D:3      | 2248 ||| FLEEEEING.
  2249 | D:3      | 2249 ||| FLEEEEING.
  2250 | D:3      | 2250 ||| FLEEEEING.
  2251 | D:3      | 2251 ||| FLEEEEING.
  2252 | D:3      | 2252 ||| FLEEEEING.
  2253 | D:3      | 2253 ||| FLEEEEING.
  2254 | D:3      | 2254 ||| FLEEEEING.
  2255 | D:3      | 2255 ||| FLEEEEING.
  2256 | D:3      | 2256 ||| FLEEEEING.
  2257 | D:3      | 2257 ||| FLEEEEING.
  2258 | D:3      | 2258 ||| FLEEEEING.
  2259 | D:3      | 2259 ||| FLEEEEING.
  2260 | D:3      | 2260 ||| FLEEEEING.
  2262 | D:3      | 2262 ||| FLEEEEING.
  2262 | D:3      | HP: 8/43 [Edmund/+3 flail of protection (11)]
  2263 | D:3      | 2263 ||| FLEEEEING.
  2264 | D:3      | 2264 ||| FLEEEEING.
  2265 | D:3      | 2265 ||| FLEEEEING.
  2266 | D:3      | 2266 ||| FLEEEEING.
  2267 | D:3      | 2267 ||| STAIRDANCE
  2267 | D:3      | HP: 2/43 [Edmund/+3 flail of protection (3)]
  2269 | D:2      | 2269 ||| FLEEEEING.
  2270 | D:2      | 2270 ||| FLEEEEING.
  2271 | D:2      | Mangled by Edmund

Levels and vault maps discovered:
D:1:      lemuel_arrival_muddy, layout_basic, serial_shops, shop,
          skrybe_limestone_x
D:2:      layout_basic, uniq_sigmund
D:3:      layout_basic, grunt_temple_overflow_growth_and_decay,
          mainiacjoe_overflow_cross_hatched
D:4:      old_forge, layout_loops_corners, minmay_misc_feat_cross,
          minmay_misc_feat_four_crosses, grunt_ministairs_6, uniq_pikel,
          uniq_edmund

Skill      XL: |  1  2  3  4  5  6 |
---------------+-------------------+-----
Ranged Weapons | 5 6 8 |  8.8
Fighting       | 4 |  4.2
Armour         | 1 |  1.2
Dodging        | |  1.5
Stealth        | |  1.1

Action                     |  1- 3 |  4- 6 |  7- 9 || total
---------------------------+-------+-------+-------++-------
   Fire: Shortbow          |    97 |    63 |       ||   160
         Longbow           |       |    51 |     6 ||    57
    Use: Scroll            |     3 |     6 |       ||     9
 Armour: Leather armour    |    24 |     5 |       ||    29
         Ring mail         |       |    31 |     3 ||    34
         Skin              |       |       |     9 ||     9
  Dodge: Dodged            |    26 |    20 |    14 ||    60

Table legend:
 A = Non-vault XP
 B = Vault XP
 C = Vault XP percentage of total XP
 D = Non-vault monster count
 E = Vault monster count
 F = Vault count percentage of total count
                 A         B        C        D         E       F
            +---------+---------+-------+---------+---------+-------
      Total |     299 |     855 |  74.1 |      66 |       2 |   2.9
            +---------+---------+-------+---------+---------+-------
        D:1 |      40 |       0 |   0.0 |      23 |       0 |   0.0
        D:2 |     124 |     214 |  63.3 |      13 |       1 |   7.1
        D:3 |      61 |       0 |   0.0 |      20 |       0 |   0.0
        D:4 |      74 |     641 |  89.7 |      10 |       1 |   9.1
            +---------+---------+-------+---------+---------+-------
